cohdb
Replays
Latest Replays
All Replays
Popular Replays
Top Player Replays
Match Explorer
How It Works
Community
CoH3 Stats
Reddit
Sign in to upload your games and track your stats! →
Sign in with Steam
Match 45272641
Unlisted
Match 45272641
Overview
Messages
Build Orders
End
Pioneer Squad
Construct Infanterie Kompanie
MG 42 Machine Gun Team
Grenadier Squad
Grenadier Squad
Construct Luftwaffe Kompanie
Selects Mechanized Battlegroup
Jäger Squad
Selects Raid Package
Medical Bunker
Selects StuG Assault Group
StuG Assault Group
Pioneer Squad
Construct Panzer Kompanie
Panzer IV Medium Tank
Selects UNKNOWN (2160084)
Selects Spotting Scopes
Selects Wespe Self-propelled Artillery
Side Skirts
Medical Bunker
Panzer Officer Quarters
Repair Bunker
Selects Zeroing Artillery Barrage
Stoßtruppen Squad
Medical Station
Panther Heavy Tank
Pioneer Squad
HORUS
Emmortael
bilibuzz
Skeng.Tecnica.International
Just Stalin You
Rather Splendid Cromwell
0
0
Comments
sign in to comment!
No comments posted yet!